 Dungeon Crawl Stone Soup version 0.25.0-9-g26727b657a (webtiles) character file.

Game seed: 3489943976080830219

5899 Hypoxia the Cleaver (level 10, -2/85 HPs)
             Began as a Deep Dwarf Fighter on June 17, 2020.
             Was a Follower of Makhleb.
             Slain by a death yak (21 damage)
             ... on level 10 of the Dungeon.
             The game lasted 00:45:20 (1676 turns).

Hypoxia the Cleaver (Deep Dwarf Fighter)            Turns: 1676, Time: 00:45:20

Health: -2/85      AC: 12    Str: 23    XL:     10   Next: 53%
Magic:  4/4        EV:  7    Int:  9    God:    Makhleb [*.....]
Gold:   139        SH:  9    Dex: 12    Spells: 9/9 levels left

rFire    . . .     SeeInvis .   a - +0 war axe
rCold    . . .     Gourm    .   c - +0 kite shield
rNeg     . . .     Faith    .   h - +0 chain mail
rPois    .         Spirit   .   (no helmet)
rElec    .         Reflect  .   (no cloak)
rCorr    .         Harm     .   (no gloves)
MR       +....                  k - +1 pair of boots {Stlth+}
Stlth    ..........             (no amulet)
HPRegen  0.00/turn              (no ring)
MPRegen  0.09/turn              (no ring)

@: non-regenerating
A: damage resistance, heal wounds, sense surroundings 2, no regeneration
a: Heal Wounds, Renounce Religion


You were on level 10 of the Dungeon.
You worshipped Makhleb.
Makhleb was aware of your devotion.
You were not hungry.

You visited 2 branches of the dungeon, and saw 13 of its levels.

You collected 181 gold pieces.
You spent 42 gold pieces at shops.

Inventory:

Hand Weapons
 a - a +0 war axe (weapon)
Armour
 c - a +0 kite shield (worn)
 h - a +0 chain mail (worn)
 k - a +1 pair of boots of stealth (worn)
Magical Staves
 j - an uncursed staff of wizardry {!a}
Wands
 A - a wand of acid (3)
 O - a wand of clouds (3)
Scrolls
 e - a scroll of immolation
 R - a scroll of identify {@r1}
 T - 2 scrolls of teleportation {@r3}
Potions
 d - a potion of curing {@q1}
 f - 2 potions of heal wounds {@q2}
 l - a potion of flight
 m - a potion of brilliance
Comestibles
 z - 4 rations


   Skills:
 - Level 4.0 Fighting
 + Level 14.7 Axes
 - Level 5.5 Armour
 - Level 2.5 Dodging
 - Level 3.2 Shields
 - Level 6.0 Evocations


You had 9 spell levels left.
You didn't know any spells.
Your spell library was empty.

Dungeon Overview and Level Annotations

Branches:
Dungeon (12/15)            Temple (1/1) D:6            Lair (0/6) D:10
    Orc: D:9-12

Altars:
Ashenzari
Cheibriados
Dithmenos
Elyvilon
Fedhas
Gozag
Hepliaklqana
Kikubaaqudgha
Makhleb
Nemelex Xobeh
Okawaru
Ru
Sif Muna
Trog
Uskayaw
Vehumet
Wu Jian
Xom
Yredelemnul
Zin
The Shining One

Shops:
D:5 [([


Innate Abilities, Weirdness & Mutations

You are resistant to damage.
You can heal yourself by infusing magical energy.
You passively map the area around you.
You do not regenerate.


Message History

Makhleb accepts your kill.
You feel better.
The death yak is engulfed in freezing vapours. x5
The death yak gores you!!
Your shield and chain mail prevent you from hitting the death yak.
The death yak is moderately wounded.
You slash the death yak!
An ogre comes into view. It is wielding a +0 giant spiked club.
The death yak is engulfed in freezing vapours. x3
The death yak gores you!!
The death yak is engulfed in freezing vapours. x2
You feel much better.
The ogre shouts!
The death yak is engulfed in freezing vapours.
The death yak gores you!!
The death yak is engulfed in freezing vapours. x2
An iguana comes into view.
The death yak is engulfed in freezing vapours.
The death yak gores you! The death yak gores you!!
You die...

, ,, ,,, ,,, #....#,. ,
,l...#....######....#
..# ,, ,
.O.......#.....>...# ...
, ,>.h......#.........#
...
...§§§...#.........#,...
, , ##.§YY§..###.......#
... ,
...§YY§....#.......# ...
,, ,
....§§YYY.##.......# ###
, ,
......Y@..#.......... ,#
*,
....#.....##'###...... #
...............+...... #
,
,...............#######
# ,
..........%...).......,.
, ,
..###..........)...## *.
,,, # #........)[)...# ,
#..............# ,,
########.......#


You could see 8 death yaks, a black bear, an ogre and an iguana.

Vanquished Creatures
  A hydra Pikel
  An ugly thing
  A troll Grinder
  A hippogriff
  A wraith
  A steam dragon Menkaure Edmund Duvessa
  A slave
  An orc warrior
  2 ice beasts
  A black bear
  A phantom
  7 ogres
  A necrophage
  2 centaurs
  3 big kobolds
  A bullfrog
  2 water moccasin zombies Dowan
  5 killer bees
  4 scorpions
  A bullfrog zombie
  2 hounds
  2 jellies
  4 orc priests
  9 orc wizards
  2 centaur skeletons
  A gnoll shaman
  A bullfrog skeleton
  An iron imp
  2 iguanas
  10 worker ants
  A hound zombie
  A worker ant zombie
  6 adders
  7 gnolls
  A shadow imp
  2 oozes
  An adder skeleton
  An adder zombie
  A worm
  A dart slug
  2 leopard geckos
  22 orcs
  2 giant cockroaches
  3 hobgoblins
  2 jackals
  13 kobolds
  6 quokkas
  2 frilled lizards
  3 rats
155 creatures vanquished.

Notes
Turn   | Place    | Note
-------+----------+-------------------------------------------
     0 | D:1      | Hypoxia the Deep Dwarf Fighter began the quest for the Orb.
     0 | D:1      | Reached XP level 1. HP: 20/20 MP: 1/1
    92 | D:2      | Reached skill level 3 in Axes
    92 | D:2      | Reached XP level 2. HP: 20/27 MP: 2/2
   201 | D:4      | Reached skill level 4 in Axes
   201 | D:4      | Reached XP level 3. HP: 18/33 MP: 3/3
   225 | D:4      | Noticed a scorpion
   235 | D:4      | Killed a scorpion
   235 | D:4      | Reached XP level 4. HP: 38/40 MP: 3/3
   240 | D:4      | Noticed a phantom
   241 | D:4      | Reached skill level 5 in Axes
   249 | D:4      | HP: 6/40 [gnoll shaman/+0 whip (3)]
   252 | D:4      | Reached XP level 5. HP: 36/48 MP: 3/3
   273 | D:4      | Killed a phantom
   273 | D:4      | Reached skill level 3 in Fighting
   273 | D:4      | Reached skill level 6 in Axes
   302 | D:4      | Noticed an ogre
   313 | D:4      | Killed an ogre
   313 | D:4      | Reached skill level 7 in Axes
   313 | D:4      | Reached XP level 6. HP: 33/56 MP: 4/4
   341 | D:5      | Entered Level 5 of the Dungeon
   341 | D:5      | Found Jusoros's Antique Armour Shop.
   341 | D:5      | Found a snail-covered altar of Cheibriados.
   366 | D:5      | Found Caprirghu's Weapon Boutique.
   379 | D:5      | Bought a throwing net for 42 gold pieces
   389 | D:5      | Noticed Edmund
   404 | D:6      | Noticed Grinder
   409 | D:6      | Reached skill level 4 in Armour
   424 | D:6      | Killed Grinder
   424 | D:6      | Reached skill level 8 in Axes
   424 | D:6      | Reached XP level 7. HP: 57/62 MP: 4/4
   433 | D:5      | Killed Edmund
   497 | D:7      | Reached skill level 5 in Armour
   510 | D:7      | Reached skill level 9 in Axes
   549 | D:6      | You fall into a shaft and drop 2 floors!
   582 | D:8      | Reached XP level 8. HP: 45/69 MP: 3/3
   599 | D:8      | HP: 12/69 [orc wizard/magic dart (7)]
   608 | D:8      | Reached skill level 10 in Axes
   650 | D:8      | Found a radiant altar of Vehumet.
   652 | D:8      | Found a hide-covered altar of Uskayaw.
   662 | D:8      | Reached skill level 4 in Fighting
   664 | D:8      | Noticed a hippogriff
   676 | D:8      | Killed a hippogriff
   676 | D:8      | Reached skill level 11 in Axes
   679 | D:8      | Found an ornate altar of the Wu Jian Council.
   785 | D:7      | Found a shimmering altar of Xom.
   882 | D:6      | HP: 10/72 [centaur/arrow (12)]
   891 | D:6      | Reached skill level 2 in Evocations
   898 | D:6      | HP: 5/72 [ogre/+0 giant spiked club (20)]
   901 | D:6      | Reached skill level 3 in Evocations
   901 | D:6      | Gained mutation: You passively map the area around you.
                  | [Deep Dwarf growth]
   901 | D:6      | Reached XP level 9. HP: 25/78 MP: 3/6
   920 | D:6      | Noticed Menkaure
   938 | D:6      | Killed Menkaure
   938 | D:6      | Reached skill level 4 in Evocations
   938 | D:6      | Noticed Pikel
   945 | D:6      | Killed Pikel
   945 | D:6      | Reached skill level 6 in Evocations
  1027 | D:6      | Found a staircase to the Ecumenical Temple.
  1034 | Temple   | Entered the Ecumenical Temple
  1094 | Temple   | Became a worshipper of Makhleb the Destroyer
  1123 | D:5      | Found Xedidd's Antique Armour Boutique.
  1169 | D:5      | Noticed Duvessa
  1169 | D:5      | Noticed Dowan
  1171 | D:5      | Killed Duvessa
  1178 | D:5      | Killed Dowan
  1178 | D:5      | Reached skill level 12 in Axes
  1359 | D:9      | HP: 10/78 [something/ball of steam (21)]
  1379 | D:9      | Reached skill level 13 in Axes
  1388 | D:9      | Reached * piety under Makhleb
  1436 | D:9      | Reached skill level 1 in Dodging
  1436 | D:9      | Reached XP level 10. HP: 48/85 MP: 2/8
  1440 | D:9      | Reached skill level 2 in Dodging
  1476 | D:10     | Entered Level 10 of the Dungeon
  1549 | D:11     | Noticed a purple ugly thing
  1552 | D:11     | Killed a purple ugly thing
  1595 | D:11     | Noticed a six-headed hydra
  1605 | D:11     | Killed a six-headed hydra
  1605 | D:11     | Reached skill level 14 in Axes
  1636 | D:10     | HP: 17/85 [orc warrior/+0 short sword (3)]
  1640 | D:10     | HP: 3/85 [orc warrior/+0 short sword (9)]
  1669 | D:10     | Noticed a death yak
  1670 | D:10     | Noticed a death yak
  1670 | D:10     | Noticed a death yak
  1671 | D:10     | Found a staircase to the Lair.
  1671 | D:10     | Noticed a death yak
  1671 | D:10     | Noticed a death yak
  1671 | D:10     | Noticed a death yak
  1671 | D:10     | Noticed a death yak
  1672 | D:10     | Noticed a death yak
  1676 | D:10     | Slain by a death yak

Illustrated notes

Levels and vault maps discovered:
D:1:      mrwooster_arrival_statue, layout_basic, minmay_tromino_v4_c
D:2:      layout_loops_corners
D:3:      layout_loops_ring, nicolae_qazlal_eye_of_the_storm,
          minmay_fractal_squares_diagonal_5, uniq_natasha
D:4:      layout_loops_ring, first_ration
D:5:      layout_basic, slow_altar_1, serial_shops, shop, shop,
          nicolae_shop_trees, shop, uniq_duvessa, uniq_edmund,
          uniq_prince_ribbit1
D:6:      layout_basic, minmay_temple_entry_statues_pillars, uniq_menkaure,
          uniq_pikel, uniq_grinder
D:7:      layout_rooms, lemuel_round_altar
D:8:      layout_cave_pools, grunt_temple_overflow_open, ebering_ghost_xom
D:9:      layout_rooms, hangedman_fish_farm
D:10:     hangedman_cross_stitches, layout_irregular_city, dpeg_lair_monsters,
          orc_0_dummy, hangedman_glass_garden, uniq_sonja
D:11:     layout_rooms, uniq_nergalle
D:12:     layout_long_grid, uniq_maurice
Temple:   eino_temple_rhombus

Skill      XL: |  1  2  3  4  5  6  7  8  9 10 |
---------------+-------------------------------+-----
Axes           | 3 4 5 7 8 9 11 13 14 | 14.7
Fighting       | 3 4 |  4.0
Armour         | 4 5 |  5.5
Evocations     | 3 6 |  6.0
Dodging        | 1 2 |  2.5
Shields        | |  3.2

Action                   |  1- 3 |  4- 6 |  7- 9 | 10-12 || total
-------------------------+-------+-------+-------+-------++-------
Melee: War axe           |    46 |    63 |   285 |    84 ||   478
Throw: Throwing net      |       |       |     2 |       ||     2
 Abil: Heal Wounds       |     1 |     7 |    19 |     8 ||    35
Evoke: Wand              |       |       |    13 |    10 ||    23
  Use: Potion            |       |     2 |     4 |       ||     6
       Scroll            |       |       |     5 |       ||     5
  Eat: Chunk             |       |       |     2 |     2 ||     4
Armor: Scale mail        |    26 |    17 |   101 |       ||   144
       Chain mail        |       |       |    75 |    72 ||   147
       Skin              |       |       |    51 |       ||    51
Dodge: Dodged            |    13 |    26 |   134 |    40 ||   213
Block: Kite shield       |    21 |    40 |   253 |    62 ||   376
